 Dungeon Crawl Stone Soup version 0.18-a0-9-gd4dcb6f (webtiles) character file.

18 Hedron the Grasshopper (level 2, -2/26 HPs)
             Began as a Naga Warper on Nov 1, 2015.
             Slain by a kobold
             ... wielding a +0 whip
              (3 damage)
             ... on level 1 of the Dungeon.
             The game lasted 00:02:38 (1153 turns).

Hedron the Grasshopper (Naga Warper)                Turns: 1153, Time: 00:02:38

Health: -2/26      AC:  2    Str: 13    XL:     2   Next: 66%
Magic:  5/5        EV:  9    Int: 13    God:
Gold:   76         SH:  0    Dex: 10    Spells: 3 memorised, 0 levels left

rFire  . . .     SeeInvis +     a - +0 hand axe
rCold  . . .     Clarity  .     b - +0 leather armour
rNeg   . . .     SustAt   .     (no shield)
rPois  +         Gourm    .     (no helmet)
rElec  .         Spirit   .     (no cloak)
rCorr  .         Warding  .     (no gloves)
rMut   .         Stasis   .     (no barding)
MR     .....                    (no amulet)
Stlth  +.........               (no ring)
                                (no ring)

@: very slow, not resistant to hostile enchantments, very unstealthy
A: see invisible, deformed body, poison resistance, slowness 2, slow metabolism
1, spit poison 2, AC +0
a: Spit Poison


You were on level 1 of the Dungeon.
You were not hungry.

You visited 1 branch of the dungeon, and saw 1 of its levels.

You collected 76 gold pieces.

Inventory:

Hand Weapons
 a - a +0 hand axe (weapon)
Missiles
 e - 5 tomahawks of dispersal (quivered)
Armour
 b - a +0 leather armour (worn)
Scrolls
 d - 2 scrolls of blinking
 g - a scroll of teleportation {unknown}
 j - a scroll of remove curse {unknown}
Books
 c - a book of Spatial Translocations

   Spells                             Type                      Level
   a - Apportation                    Translocation                1
   b - Blink                          Translocation                2
   c - Shroud of Golubria             Charms/Translocation         2
   d - Portal Projectile              Translocation                3
   e - Teleport Other                 Translocation                3
   f - Passage of Golubria            Translocation                4
Comestibles
 f - a bread ration
 h - a meat ration
 i - a chunk of flesh


   Skills:
 - Level 2.0 Fighting
 + Level 2.2 Axes
 + Level 1.1 Throwing
 - Level 0.7 Armour
 - Level 1.5 Dodging
 + Level 2.3 Spellcasting
 + Level 3.2 Translocations


You couldn't memorise any spells.
You knew the following spells:

 Your Spells              Type           Power        Failure   Level  Hunger
a - Apportation           Tloc           ##........   12%         1    #......
b - Blink                 Tloc           N/A          14%         2    ###....
c - Shroud of Golubria    Chrm/Tloc      #.........   28%         2    ###....


Dungeon Overview and Level Annotations

Branches:
Dungeon (1/15)

Altars:


Innate Abilities, Weirdness & Mutations

You cannot wear boots.
Your serpentine skin is tough (AC +0).
You have supernaturally acute eyesight.
Armour fits poorly on your strangely shaped body.
Your system is resistant to poisons.
You cover ground very slowly.
You have a slow metabolism.
You can spit poison.


Message History

You kill the giant gecko!
The kobold throws a stone.
The stone hits you.
* * * LOW HITPOINT WARNING * * *
You hit the kobold.
The kobold is severely wounded.
The kobold barely misses you.
You closely miss the kobold.
The kobold is severely wounded.
The kobold barely misses you. The kobold misses you.
You closely miss the kobold. You hit the kobold.
You kill the kobold!
The rat bites you but does no damage. The kobold closely misses you.
You miss the kobold. You barely miss the rat. The rat misses you.
The kobold hits you but does no damage.
You closely miss the kobold. You hit the rat.
You kill the rat!
The kobold hits you with a whip.
* * * LOW HITPOINT WARNING * * *
You barely miss the kobold. The kobold hits you with a whip.
You die...

#.# #.......# #.. #.#
#.......####..
#.#####.............
#...........#.......
#######.........#.......
................#.......
#######.........##......
#)........##......
#@........##......
+#######†K.......##......
....K..(.........#.......
.................#.......
[...$...###.#..#.#.......
..r.....# #.#... #.......
.######## #.# (# #.......
#.# #.......
####.######.......


You could see a kobold.

Vanquished Creatures
  A giant gecko (D:1)
  2 bats (D:1)
  A giant cockroach (D:1)
  3 hobgoblins (D:1)
  2 kobolds (D:1)
  2 giant newts (D:1)
  3 goblins (D:1)
  A rat (D:1)
15 creatures vanquished.

Notes
Turn   | Place    | Note
--------------------------------------------------------------
     0 | D:1      | Hedron the Naga Warper began the quest for the Orb.
     0 | D:1      | Reached XP level 1. HP: 19/19 MP: 3/3
    92 | D:1      | Reached skill level 1 in Throwing
   447 | D:1      | Reached XP level 2. HP: 8/26 MP: 5/5
   955 | D:1      | Learned a level 2 spell: Blink
   958 | D:1      | Learned a level 2 spell: Shroud of Golubria
  1152 | D:1      | HP: 1/26 [kobold/whip (5)]
  1153 | D:1      | Slain by a kobold

Vault maps used:
D:1:      dpeg_arrival_shrine

Action                   || total
-------------------------++-------
Melee: Hand axe          ||    64
 Cast: Apportation       ||     1
